NCAA
OHIO STATE BUCKEYES @ LOUISVILLE CARDINALS
04/10/2024
 
TOP OF THE 1ST
Ohio State Buckeyes batting - Pitching for Louisville Cardinals : LHP Andrew Werner
Pitching: LHP Andrew Werner
Batting: SHB Devin Smith 0-0: Swinging Strike
0-1: Ball
1-1: Foul Ball, location: 2F
1-2: Ball
2-2: Ball
3-2: Base on Balls
Batting: RHB Gabriel Soto 0-0: Ball
1-0: Fly out, F7 (Line Drive, 7M)
Batting: RHB Júlio Morales 0-0: Swinging Strike
0-1: Ball
1-1: Swinging Strike
1-2: Grounds into double play, U4-3 (Groundball, 4)
Top of the 1st over - 0 run(s), 0 hit(s), 0 error(s), 0 left on base; Ohio State 0 - Louisville 0
BOTTOM OF THE 1ST
Louisville Cardinals batting - Pitching for Ohio State Buckeyes : RHP Walt Davis
Pitching: RHP Walt Davis
Batting: RHB Bobby Booker 0-0: SOLO HOME RUN (Flyball, 8LXD), Distance : 411 ft
Batting: RHB José González 0-0: Foul Ball, location: 2F
0-1: Ball
1-1: Ball
2-1: Ball
3-1: Base on Balls
Batting: LHB Donovan Myers 0-0: Ball
José González is caught stealing 2nd base
1-0: Called Strike
1-1: Ball
2-1: Ball
3-1: DOUBLE (Line Drive, 9LM)
Batting: LHB António Camacho 0-0: Called Strike
0-1: Ball
1-1: Fly out, F7 (Flyball, 78M)
Batting: RHB Michael Jones 0-0: Called Strike
0-1: Ball
1-1: Fly out, F7 (Flyball, 7D)
Bottom of the 1st over - 1 run(s), 2 hit(s), 0 error(s), 1 left on base; Ohio State 0 - Louisville 1
TOP OF THE 2ND
Ohio State Buckeyes batting - Pitching for Louisville Cardinals : LHP Andrew Werner
Batting: SHB Thomas Simmons 0-0: Ball
1-0: Foul Ball, location: 2F
1-1: Ball
2-1: Foul Ball, location: 2F
2-2: Ball
3-2: Strikes out looking
Batting: LHB Frank García 0-0: Swinging Strike
0-1: Swinging Strike
0-2: Foul Ball, location: 2F
0-2: Strikes out swinging
Batting: RHB Santiago Gutiérrez 0-0: DOUBLE (Flyball, 78M)
Batting: LHB Joel Nelson 0-0: Called Strike
0-1: Swinging Strike
0-2: Ground out U3 (Groundball, 3L)
Top of the 2nd over - 0 run(s), 1 hit(s), 0 error(s), 1 left on base; Ohio State 0 - Louisville 1
BOTTOM OF THE 2ND
Louisville Cardinals batting - Pitching for Ohio State Buckeyes : RHP Walt Davis
Batting: LHB Evan Díaz 0-0: Ground out 4-3 (Groundball, 4)
Batting: RHB Zach O'Neill 0-0: Ball
1-0: Foul Ball, location: 2F
1-1: Foul Ball, location: 2F
1-2: Ball
2-2: Hit by Pitch
Batting: RHB Billy Noble 0-0: Ball
1-0: Called Strike
1-1: 2-RUN HOME RUN (Flyball, 89XD), Distance : 378 ft
Batting: RHB Doug Burke 0-0: Ball
1-0: Called Strike
1-1: Ball
2-1: Ball
3-1: Base on Balls
Batting: RHB Bobby Booker 0-0: Called Strike
0-1: Called Strike
0-2: Ball
1-2: Strikes out swinging
Batting: RHB José González 0-0: Ball
1-0: SINGLE (Groundball, 56D)
Doug Burke to second
Batting: LHB Donovan Myers 0-0: Called Strike
0-1: Ball
1-1: Called Strike
1-2: Ball
2-2: Ball
3-2: Base on Balls
Doug Burke to third
José González to second
Batting: LHB António Camacho 0-0: Ball
1-0: Ball
2-0: SINGLE (Groundball, 56D)
Doug Burke scores
José González to third
Donovan Myers to second
Runner from 3rd tries for Home, SAFE, no throw or cutoff
Batting: RHB Michael Jones 0-0: Called Strike
0-1: Ball
1-1: Foul Ball, location: 2F
1-2: Foul Ball, location: 2F
1-2: Ball
2-2: Foul Ball, location: 2F
2-2: Ball
3-2: Strikes out swinging
Bottom of the 2nd over - 4 run(s), 3 hit(s), 0 error(s), 2 left on base; Ohio State 0 - Louisville 5
TOP OF THE 3RD
Ohio State Buckeyes batting - Pitching for Louisville Cardinals : LHP Andrew Werner
Batting: RHB Will Anderson 0-0: Foul Ball, location: 2F
0-1: Fly out, F7 (Flyball, 7M)
Batting: SHB Bill House 0-0: Ball
1-0: Called Strike
1-1: Swinging Strike
1-2: Foul Ball, location: 2F
1-2: Ball
2-2: Ball
3-2: Fly out, F9 (Flyball, 9LM)
Batting: SHB Devin Smith 0-0: Ball
1-0: Ground out 1-3 (Groundball, 13S)
Top of the 3rd over - 0 run(s), 0 hit(s), 0 error(s), 0 left on base; Ohio State 0 - Louisville 5
BOTTOM OF THE 3RD
Louisville Cardinals batting - Pitching for Ohio State Buckeyes : RHP Walt Davis
Batting: LHB Evan Díaz 0-0: Ball
1-0: Swinging Strike
1-1: Ball
2-1: Ball
3-1: Base on Balls
Batting: RHB Zach O'Neill 0-0: Ball
Passed Ball!
Evan Díaz to second
1-0: Foul Ball, location: 2F
1-1: Ball
2-1: Swinging Strike
2-2: Ball
3-2: Foul Ball, location: 2F
3-2: Foul Ball, location: 2F
3-2: Base on Balls
Batting: RHB Billy Noble 0-0: Ball
1-0: Fly out, F6 (Line Drive, 6)
1-0: Fly out, F6 (Line Drive, 6)
Batting: RHB Doug Burke 0-0: Ball
1-0: Ball
2-0: Foul Ball, location: 2F
2-1: Grounds into double play, 1-6-3 (Groundball, 15)
Bottom of the 3rd over - 0 run(s), 0 hit(s), 0 error(s), 1 left on base; Ohio State 0 - Louisville 5
TOP OF THE 4TH
Ohio State Buckeyes batting - Pitching for Louisville Cardinals : LHP Andrew Werner
Batting: RHB Gabriel Soto 0-0: Called Strike
0-1: Called Strike
0-2: Ball
1-2: Strikes out looking
Batting: RHB Júlio Morales 0-0: Fly out, F6 (Popup, 6D)
Batting: SHB Thomas Simmons 0-0: Called Strike
0-1: Ball
1-1: Fly out, F8 (Flyball, 8RD)
Top of the 4th over - 0 run(s), 0 hit(s), 0 error(s), 0 left on base; Ohio State 0 - Louisville 5
BOTTOM OF THE 4TH
Louisville Cardinals batting - Pitching for Ohio State Buckeyes : RHP Walt Davis
Now at 1B: John Robertson
Batting: RHB Bobby Booker 0-0: Called Strike
0-1: Ball
1-1: Ground out 6-3 (Groundball, 6M)
Batting: RHB José González 0-0: Called Strike
0-1: Swinging Strike
0-2: Hit by Pitch
Batting: LHB Donovan Myers 0-0: Ball
1-0: Foul Ball, location: 2F
1-1: Swinging Strike
1-2: Ball
José González is caught stealing 2nd base
2-2: Foul Ball, location: 2F
2-2: Foul Ball, location: 2F
2-2: Strikes out swinging
Bottom of the 4th over - 0 run(s), 0 hit(s), 0 error(s), 0 left on base; Ohio State 0 - Louisville 5
TOP OF THE 5TH
Ohio State Buckeyes batting - Pitching for Louisville Cardinals : LHP Andrew Werner
Batting: LHB Frank García 0-0: Ball
1-0: Foul Ball, location: 2F
1-1: Called Strike
1-2: Foul Ball, location: 2F
Single, Error in OF, E7, batter to second base
Batting: RHB Santiago Gutiérrez 0-0: Foul Ball, location: 2F
0-1: Foul Ball, location: 2F
0-2: Ball
1-2: Fly out, F9 (Flyball, 9M)
Batting: LHB Joel Nelson 0-0: DOUBLE (Line Drive, 7LM)
Frank García scores
Batting: RHB Will Anderson 0-0: Called Strike
0-1: Ball
1-1: Called Strike
1-2: Fly out, F3 (Popup, 34)
Batting: SHB Bill House 0-0: Ball
1-0: Foul Ball, location: 2F
1-1: Foul Ball, location: 2F
1-2: Ground out 4-3 (Groundball, 4)
Top of the 5th over - 1 run(s), 2 hit(s), 1 error(s), 1 left on base; Ohio State 1 - Louisville 5
BOTTOM OF THE 5TH
Louisville Cardinals batting - Pitching for Ohio State Buckeyes : RHP Walt Davis
Pitching: RHP Don Feightner
Batting: LHB António Camacho 0-0: Ball
1-0: Ball
2-0: Foul Ball, location: 2F
2-1: Foul Ball, location: 2F
2-2: Fly out, F6 (Popup, 5)
Batting: RHB Michael Jones 0-0: Ball
1-0: Foul Ball, location: 2F
1-1: Called Strike
1-2: Foul Ball, location: 2F
1-2: Ball
2-2: Strikes out looking
Batting: LHB Evan Díaz 0-0: Foul Ball, location: 2F
0-1: Fly out, F6 (Popup, 56)
Bottom of the 5th over - 0 run(s), 0 hit(s), 0 error(s), 0 left on base; Ohio State 1 - Louisville 5
TOP OF THE 6TH
Ohio State Buckeyes batting - Pitching for Louisville Cardinals : LHP Andrew Werner
Batting: SHB Devin Smith 0-0: Foul Ball, location: 2F
0-1: Foul Ball, location: 2F
0-2: SINGLE (Flyball, 9M)
Batting: RHB John Robertson 0-0: Ball
1-0: Fly out, F8 (Flyball, 8RM)
Batting: RHB Júlio Morales 0-0: Called Strike
Devin Smith steals 2nd base
0-1: Called Strike
0-2: Ball
1-2: Strikes out swinging
Batting: SHB Thomas Simmons 0-0: Ball
1-0: Foul Ball, location: 2F
1-1: Fly out, F9 (Flyball, 9LM)
Top of the 6th over - 0 run(s), 1 hit(s), 0 error(s), 1 left on base; Ohio State 1 - Louisville 5
BOTTOM OF THE 6TH
Louisville Cardinals batting - Pitching for Ohio State Buckeyes : RHP Don Feightner
Batting: RHB Zach O'Neill 0-0: Ball
1-0: Ball
2-0: Fly out, F7 (Flyball, 7LM)
Batting: RHB Billy Noble 0-0: Foul Ball, location: 2F
0-1: Called Strike
0-2: Ball
1-2: Reached on error, E6 (Groundball, 6)
Batting: RHB Doug Burke 0-0: Ball
1-0: Ball
2-0: Ball
3-0: Base on Balls
Batting: RHB Bobby Booker 0-0: Ball
1-0: Ball
2-0: SINGLE (Line Drive, 8LS)
Billy Noble to third
Doug Burke to second
Batting: RHB José González 0-0: Called Strike
0-1: Ball
1-1: Swinging Strike
1-2: Ball
2-2: Strikes out swinging
Batting: LHB Donovan Myers 0-0: Called Strike
0-1: DOUBLE (Line Drive, 9LM)
Billy Noble scores
Doug Burke scores
Bobby Booker to third
Runner from 3rd tries for Home, SAFE, no throw or cutoff
Batting: LHB António Camacho 0-0: Ball
1-0: Foul Ball, location: 2F
1-1: Called Strike
1-2: Strikes out looking
Bottom of the 6th over - 3 run(s), 2 hit(s), 1 error(s), 1 left on base; Ohio State 1 - Louisville 8
TOP OF THE 7TH
Ohio State Buckeyes batting - Pitching for Louisville Cardinals : LHP Andrew Werner
Batting: LHB Frank García 0-0: Ground out 5-3 (Groundball, 56)
Batting: RHB Santiago Gutiérrez 0-0: Ball
1-0: Ball
2-0: Ground out 6-3 (Groundball, 6M)
Batting: LHB Joel Nelson 0-0: Called Strike
0-1: Ground out U3 (Groundball, 3)
Top of the 7th over - 0 run(s), 0 hit(s), 0 error(s), 0 left on base; Ohio State 1 - Louisville 8
BOTTOM OF THE 7TH
Louisville Cardinals batting - Pitching for Ohio State Buckeyes : RHP Don Feightner
Pitching: LHP Monty Williams
Batting: RHB Michael Jones 0-0: Called Strike
0-1: Ball
1-1: Foul Ball, location: 2F
1-2: Ball
2-2: Strikes out swinging
Batting: LHB Evan Díaz 0-0: Ball
1-0: Ball
2-0: Called Strike
2-1: Ball
3-1: Base on Balls
Batting: RHB Zach O'Neill 0-0: Hit by Pitch
Evan Díaz to second
Batting: RHB Billy Noble 0-0: Ball
1-0: Ball
2-0: Ball
3-0: Called Strike
3-1: Foul Ball, location: 2F
3-2: Base on Balls
Evan Díaz to third
Zach O'Neill to second
Batting: RHB Doug Burke 0-0: Ball
1-0: Grounds into double play, 5-4-3 (Groundball, 5)
Bottom of the 7th over - 0 run(s), 0 hit(s), 0 error(s), 2 left on base; Ohio State 1 - Louisville 8
TOP OF THE 8TH
Ohio State Buckeyes batting - Pitching for Louisville Cardinals : LHP Andrew Werner
Pitching: LHP Alberto Torres
Batting: RHB Will Anderson 0-0: Called Strike
0-1: Ball
1-1: Ball
2-1: Ball
3-1: Base on Balls
Batting: SHB Bill House 0-0: Ball
1-0: Ball
2-0: Ball
3-0: Called Strike
3-1: Base on Balls
Will Anderson to second
Batting: SHB Devin Smith 0-0: Called Strike
0-1: Ball
1-1: Called Strike
1-2: Strikes out swinging
Batting: RHB John Robertson 0-0: Called Strike
0-1: Fly out, F4 (Popup, 4MD)
Batting: RHB Júlio Morales 0-0: Ball
1-0: Called Strike
1-1: Foul Ball, location: 2F
1-2: Ball
2-2: Foul Ball, location: 2F
2-2: Strikes out swinging
Top of the 8th over - 0 run(s), 0 hit(s), 0 error(s), 2 left on base; Ohio State 1 - Louisville 8
BOTTOM OF THE 8TH
Louisville Cardinals batting - Pitching for Ohio State Buckeyes : LHP Monty Williams
Batting: RHB Bobby Booker 0-0: Ball
1-0: SINGLE (Groundball, 6MD)
Batting: RHB José González 0-0: Called Strike
0-1: Called Strike
0-2: Strikes out swinging
Batting: LHB Donovan Myers 0-0: Hit by Pitch
Bobby Booker to second
Batting: LHB António Camacho 0-0: Called Strike
0-1: SINGLE (Flyball, 5D)
Bobby Booker to third
Donovan Myers to second
Batting: RHB Michael Jones 0-0: Called Strike
0-1: SINGLE (Line Drive, 34D)
Bobby Booker scores
Donovan Myers to third
António Camacho to second
Batting: LHB Evan Díaz 0-0: Foul Ball, location: 2F
0-1: SINGLE (Groundball, 13) (infield hit)
Donovan Myers scores
António Camacho to third
Michael Jones to second
Batting: RHB Zach O'Neill 0-0: Ball
1-0: Ball
2-0: Ball
3-0: Base on Balls
António Camacho scores
Michael Jones to third
Evan Díaz to second
Batting: RHB Billy Noble 0-0: Grounds into double play, 5-4-3 (Groundball, 5)
Bottom of the 8th over - 3 run(s), 4 hit(s), 0 error(s), 2 left on base; Ohio State 1 - Louisville 11
TOP OF THE 9TH
Ohio State Buckeyes batting - Pitching for Louisville Cardinals : LHP Alberto Torres
Batting: SHB Thomas Simmons 0-0: Called Strike
0-1: Foul Ball, location: 2F
0-2: Strikes out swinging
Batting: LHB Frank García 0-0: Called Strike
0-1: Called Strike
0-2: Ball
1-2: Ball
2-2: Strikes out swinging
Batting: RHB Santiago Gutiérrez 0-0: Ball
1-0: Swinging Strike
1-1: Foul Ball, location: 2F
1-2: Strikes out looking
Top of the 9th over - 0 run(s), 0 hit(s), 0 error(s), 0 left on base; Ohio State 1 - Louisville 11
This league is powered by Out of the Park Baseball, the baseball management simulation game for PC, Mac and Linux
Saturday, April 9th, 2016 - OOTP Baseball 16.8 Build 38